 Dungeon Crawl Stone Soup version 0.31-a0-986-g5e6e4ef867 (webtiles) character file.

Game seed: 17359087873095414361

4 monsoonserge the Changeling (level 1, -3/13 HPs)
             Began as an Octopode Shapeshifter on Nov 18, 2023.
             Slain by a goblin
             ... wielding a +0 club
              (5 damage)
             ... on level 1 of the Dungeon.
             The game lasted 00:00:19 (107 turns).

monsoonserge the Changeling (Octopode Shapeshifter)  Turns: 107, Time: 00:00:19

Health: -3/13      AC:  1    Str: 13    XL:     1   Next: 70%
Magic:  1/1        EV: 13    Int: 18    God:
Gold:   30         SH:  0    Dex: 11    Spells: 0/0 levels left

rFire   . .          .
                       - Unarmed
rCold   . . .        (no shield)
rNeg    . . .        (helmet currently unavailable)
rPois   .            (no amulet)
rElec   .            d - +6 ring of intelligence
rCorr   .            (no ring)
SInv    .            (no ring)
Will    .....        (no ring)
Stlth   ++           (no ring)
HPRegen 0.22/turn    (no ring)
MPRegen 0.07/turn    (no ring)
                     (no ring)

%: no passive effects
@: beast-form
A: beast (slay +1), almost no armour, amphibious, 8 rings, camouflage 1,
gelatinous body 1, (nimble swimmer 1), tentacles
a: Begin Untransformation


You were on level 1 of the Dungeon.
You were a hulking beast.
You visited 1 branch of the dungeon, and saw 1 of its levels.

You collected 30 gold pieces.

Inventory:

Jewellery
 d - a +6 ring of intelligence (left tentacle)
Talismans
 b - a beast talisman
 c - a flux talisman
Scrolls
 e - a scroll of brand weapon {unknown}
Potions
 a - a potion of lignification


   Skills:
 + Level 1.0 Fighting
 + Level 2.0 Dodging
 - Level 3.0 Unarmed Combat
 + Level 3.2 Shapeshifting


You couldn't memorise any spells.
You didn't know any spells.
Your spell library was empty.

Dungeon Overview and Level Annotations

Branches:
Dungeon (1/15)

Altars:


Innate Abilities, Weirdness & Mutations

You are a hulking beast.
Your limbs bulge with bestial killing power. (Slay +1)
You cannot wear most types of armour.
You are amphibious.
You can wear up to eight rings at the same time.
Your skin changes colour to match your surroundings (Stealth+).
Your rubbery body absorbs attacks. (AC +1, EV +1)
((You are camouflaged when in or above water. (Stealth+)))
You have tentacles for arms and can constrict up to eight enemies at once.


Message History

The endoplasm is lightly wounded.
The endoplasm hits you.
You tentacle-slap the endoplasm.
You kill the endoplasm!
You start resting.
HP restored.
Found a buckler and a leather armour.
d - a +6 ring of intelligence You feel clever.
d - a +6 ring of intelligence (left tentacle)
You enter the deep water.
Found a scroll labelled GOHO BUISO.
You now have 10 gold pieces (gained 8).
There are no items here.
You enter the deep water.
A frilled lizard comes into view.
You see here a scroll labelled GOHO BUISO.
e - a scroll labelled GOHO BUISO A frilled lizard is nearby!
The frilled lizard misses you.
You barely miss the frilled lizard. You grab the frilled lizard.
You squeeze the frilled lizard.
You kill the frilled lizard!
Found 10 gold pieces.
Found a stone staircase leading down.
You now have 20 gold pieces (gained 10).
There are no items here.
You now have 30 gold pieces (gained 10).
A goblin comes into view. It is wielding a +0 club.
The goblin shouts!
A bat comes into view.
The goblin hits you with a +0 club.
You barely miss the goblin. Your grab misses the goblin.
The goblin hits you with a +0 club.
You barely miss the goblin. Your grab misses the goblin.
The goblin hits you with a +0 club.
* * * LOW HITPOINT WARNING * * *
You closely miss the goblin. Your grab misses the goblin.
The goblin hits you with a +0 club.
You die...

≈≈.....≈≈≈≈≈≈≈
≈≈.....≈≈≈≈≈≈≈
≈~≈≈≈≈≈~≈≈≈≈≈≈
..≈≈≈≈≈.......
...≈≈≈........ #
...≈≈≈.......### ##.#
....≈......#... ....
....≈......##.####..#
...........##...hg..#
##.#######....####.##
....# #....# # ....#
#....#
....######....#
....##........#
....##........#
..............#
..............#


You could see a goblin.

Vanquished Creatures
  A dart slug (D:1)
  An endoplasm (D:1)
  A frilled lizard (D:1)
3 creatures vanquished.

Notes
Turn   | Place    | Note
-------+----------+-------------------------------------------
     0 | D:1      | monsoonserge the Octopode Shapeshifter began the quest for
                  | the Orb.
     0 | D:1      | Reached XP level 1. HP: 13/13 MP: 1/1
   107 | D:1      | Slain by a goblin

Illustrated notes

Levels and vault maps discovered:
D:1:      onia_arrival_pentagram, layout_basic, serial_shops,
          nicolae_shop_peninsula, nicolae_shop_window_shopping, shop

Action                     || total
---------------------------++-------
  Melee: Unarmed           ||     8
         Constrict         ||     2
         Tentacles         ||     2
 Armour: Skin              ||     7
  Dodge: Dodged            ||     2

Table legend: (Time is in decaauts)
 A = Elapsed time spent in this place.
 B = Non-inter-level travel time spent in this place.
 C = Inter-level travel time spent in this place.
 D = Time resting spent in this place.
 E = Time spent auto-exploring this place.
 F = Levels seen in this place.
 G = Mean time per level.
                   A        B        C        D        E       F      G
               +--------+--------+--------+--------+--------+-----+--------+
         Total |    106 |    106 |      0 |     33 |     12 |   1 |  106.0 |
       Dungeon |    106 |    106 |      0 |     33 |     12 |   1 |  106.0 |
               +--------+--------+--------+--------+--------+-----+--------+

Top non-repeatable levels by time:
     D:1: 106 daAuts
